 Dungeon Crawl Stone Soup version 0.30-a0-553-g7fabdf1491 (webtiles) character file.

Game seed: 15633919052268648012

111 Shayle the Conjurer (level 4, 0/27 HPs)
             Began as a Tengu Reaver on Dec 27, 2022.
             Slain by a scorpion (2 damage)
             ... on level 3 of the Dungeon.
             The game lasted 00:03:36 (2234 turns).

Shayle the Conjurer (Tengu Reaver)                  Turns: 2234, Time: 00:03:37

Health: 0/27       AC:  3    Str: 12    XL:     4   Next: 92%
Magic:  8/8        EV: 12    Int: 16    God:
Gold:   132        SH:  0    Dex: 12    Spells: 6/7 levels left

rFire   . . .      SeeInvis .    q - +1 hand axe (vamp)
rCold   . . .      Faith    .    (no shield)
rNeg    . . .      Spirit   .    b - +0 leather armour
rPois   .          Reflect  .    (helmet restricted)
rElec   .          Harm     .    (no cloak)
rCorr   .          Rampage  .    (no gloves)
Will    .....                    (boots unavailable)
Stlth   ++                       (no amulet)
HPRegen 0.24/turn                (no ring)
MPRegen 0.11/turn                (no ring)

@: lethally poisoned (0 -> -11)
A: beak, talons 3
a: no special abilities


You were on level 3 of the Dungeon.
You visited 1 branch of the dungeon, and saw 4 of its levels.

You collected 132 gold pieces.

Inventory:

Hand Weapons
 a - a +0 spear
 q - a +1 vampiric hand axe (weapon)
Armour
 b - a +0 leather armour (worn)
Wands
 j - a wand of polymorph (10)
Scrolls
 c - 2 scrolls of enchant armour {unknown}
 d - 2 scrolls of enchant weapon {unknown}
 e - a scroll of silence {unknown}
 f - 2 scrolls of identify {unknown}
 i - a scroll of poison {unknown}
 m - a scroll of amnesia {unknown}
 n - a scroll of noise {unknown}
Potions
 g - a potion of might {unknown}
 h - 4 potions of ambrosia {unknown}
 k - a potion of brilliance {unknown}
 l - 2 potions of lignification {unknown}
 o - a potion of heal wounds {unknown}
 p - a potion of attraction {unknown}


   Skills:
 + Level 2.8 Fighting
 - Level 3.2 Polearms
 + Level 3.1 Dodging
 * Level 2.8 Stealth
 - Level 2.0 Spellcasting
 - Level 4.0 Conjurations
 + Level 1.8 Necromancy


You had 6 spell levels left.
You knew the following spells:

 Your Spells              Type           Power      Damage    Failure   Level
a - Kiss of Death         Conj/Necr      44%        2d8       8%          1

Your spell library contained the following spells:

 Spells                   Type           Power      Damage    Failure   Level
 Momentum Strike          Conj/Tloc      16%        3d8       17%         2
 Cigotuvi's Dreadful Rot  Necr/Pois/Air  6%         N/A       30%         2
 Hailstorm                Conj/Ice       8%         3d4       34%         3
 Poisonous Vapours        Pois/Air       2%         N/A       36%         2
 Mephitic Cloud           Conj/Pois/Air  5%         N/A       41%         3
 Confusing Touch          Hex            1%         N/A       61%         3
 Dispel Undead            Necr           7%         3d8       77%         4


Dungeon Overview and Level Annotations

Branches:
Dungeon (4/15)
 Temple: D:4-7

Altars:
Zin

Shops:
D:1 :

Annotations:
D:4 Menkaure


Innate Abilities, Weirdness & Mutations

You have a beak for a mouth.
You have claws for feet.


Message History

You peck the jelly.
You kill the jelly!
Your Dodging skill increases to level 3!
You start resting.
You are no longer corroded.
You start resting.
HP restored.
Menkaure, a scorpion and a phantom come into view.
The scorpion moves out of view.
There is a stone staircase leading up here.
Casting: Kiss of Death (safe; 8% risk of failure)
Confirm with . or Enter, or press ? or * to list all spells.
Okay, then.
Okay, then.
The scorpion stings you.
You climb upwards.
There is a stone staircase leading down, spattered with blood here.
You hit the scorpion but do no damage. You claw the scorpion.
You peck the scorpion, but do no damage.
The scorpion is moderately wounded.
The scorpion stings you. x2
You barely miss the scorpion. Your kick misses the scorpion.
The scorpion is moderately wounded.
The scorpion stings you.
You are poisoned.
The scorpion poisons you!
You hit the scorpion but do no damage. Your kick misses the scorpion.
Your peck misses the scorpion.
The scorpion is moderately wounded.
You feel very sick. The scorpion stings you. x2
* * * LOW HITPOINT WARNING * * *
You are more poisoned.
The scorpion poisons you!
You hit the scorpion but do no damage. Your peck misses the scorpion.
The scorpion is moderately wounded.
* * * LOW HITPOINT WARNING * * *
You feel very sick. The scorpion stings you.
You die...

###...# #.# # ###.#######.# #
#..<.....##.##############
#.........................
#........##.##############
########.................#.....).
............(....#.#####.#.######
##########......)s.....#.#.# #
................@......#.#.# #
...###########.##...####.#.# #
...##...............# #.#.# #
...##^########......####.#.# #
...##.# #.........#.#.######
...##.# #....#....#.........
...##.# #....########.######
...##.# ####)..........# ....#.#
#....########..#


You could see a scorpion.

Vanquished Creatures
  A jelly (D:4)
  An iguana (D:3)
  An adder (D:2)
  A dart slug (D:2)
  5 orcs (D:3)
  2 endoplasms (D:3)
  3 goblins (D:1)
  3 hobgoblins
  2 jackals (D:2)
  3 quokkas (D:3)
  3 ball pythons
  4 bats (D:1)
  2 frilled lizards (D:1)
  6 kobolds
  A rat (D:1)
  A spectral goblin (D:1)
39 creatures vanquished.

Notes
Turn   | Place    | Note
-------+----------+-------------------------------------------
     0 | D:1      | Shayle the Tengu Reaver began the quest for the Orb.
     0 | D:1      | Reached XP level 1. HP: 12/12 MP: 4/4
    93 | D:1      | Reached XP level 2. HP: 14/17 MP: 6/6
   115 | D:1      | Found a faded altar of an unknown god.
   130 | D:1      | Reached skill level 1 in Stealth
   343 | D:1      | Found Fimib's Book Shop.
   512 | D:2      | Reached skill level 1 in Necromancy
   512 | D:2      | Reached XP level 3. HP: 20/22 MP: 7/7
  1605 | D:3      | Found a glowing silver altar of Zin.
  2159 | D:3      | Reached XP level 4. HP: 21/27 MP: 8/8
  2221 | D:4      | Noticed Menkaure
  2221 | D:4      | Noticed a scorpion
  2221 | D:4      | Noticed a phantom
  2234 | D:3      | Slain by a scorpion

Illustrated notes

Levels and vault maps discovered:
D:1:      beargit_arrival_greenhouse, layout_rooms,
          dreamdust_ecumenical_altar_drowned_temple, serial_shops,
          nicolae_shop_behind_doors
D:2:      layout_basic, eino_curves_04, hex_tiny
D:3:      layout_basic, lemuel_coloured_pillars_altar
D:4:      layout_rooms, small_statue_intersection, uniq_menkaure, uniq_sigmund,
          uniq_duvessa, uniq_robin

Skill      XL: |  1  2  3  4 |
---------------+-------------+-----
Stealth        | 1 2 |  2.8
Necromancy     | 1 |  1.8
Dodging        | 3 |  3.1
Fighting       | |  2.8
Polearms       | |  3.2
Spellcasting   | |  2.0
Conjurations   | |  4.0

Action                   |  1- 3 |  4- 6 || total
-------------------------+-------+-------++-------
Melee: Spear             |    91 |       ||    91
       Kick              |    23 |     2 ||    25
       Peck              |     8 |     2 ||    10
       Hand axe          |    11 |     7 ||    18
 Stab: Sleeping          |     5 |       ||     5
Armor: Leather armour    |    20 |     2 ||    22
Dodge: Dodged            |    53 |     2 ||    55

Table legend: (Time is in decaauts)
 A = Elapsed time spent in this place.
 B = Non-inter-level travel time spent in this place.
 C = Inter-level travel time spent in this place.
 D = Time resting spent in this place.
 E = Time spent auto-exploring this place.
 F = Levels seen in this place.
 G = Mean time per level.
                   A        B        C        D        E       F      G
               +--------+--------+--------+--------+--------+-----+--------+
         Total |   2239 |   2174 |     65 |     47 |   1695 |   4 |  559.8 |
       Dungeon |   2239 |   2174 |     65 |     47 |   1695 |   4 |  559.8 |
               +--------+--------+--------+--------+--------+-----+--------+

Top non-repeatable levels by time:
     D:3: 936 daAuts
     D:2: 803 daAuts
     D:1: 422 daAuts
     D:4: 77 daAuts
